 Dungeon Crawl Stone Soup version 0.17-a0-1939-ga475588 (webtiles) character file.

44 tp1 the Conjurer (level 3, -2/19 HPs)
             Began as a Deep Elf Conjurer on Sept 29, 2015.
             Slain by an orc
             ... wielding a +0 whip
              (7 damage)
             ... on level 3 of the Dungeon.
             The game lasted 00:08:45 (1669 turns).

tp1 the Conjurer (Deep Elf Conjurer)                Turns: 1669, Time: 00:08:46

Health: -2/19      AC:  2    Str:  6    XL:     3   Next: 41%
Magic:  1/10       EV: 13    Int: 19    God:
Gold:   90         SH:  0    Dex: 15    Spells: 3 memorised, 3 levels left

rFire  . . .     SeeInvis .     (no weapon)
rCold  . . .     Clarity  .     a - +0 robe
rNeg   . . .     SustAt   .     (no shield)
rPois  .         Gourm    .     (no helmet)
rElec  .         Spirit   .     (no cloak)
rCorr  .         Warding  .     (no gloves)
rMut   .         Stasis   .     (no boots)
MR     .....                    (no amulet)
Stlth  ++........               (no ring)
                                (no ring)

@: not resistant to hostile enchantments, unstealthy
A: no striking features
a: no special abilities


You were on level 3 of the Dungeon.
You were hungry.

You visited 1 branch of the dungeon, and saw 3 of its levels.

You collected 90 gold pieces.

Inventory:

Armour
 a - a +0 robe (worn)
Magical devices
 m - a wand of slowing (16)
Scrolls
 d - 2 scrolls of teleportation {unknown}
 e - 2 scrolls of magic mapping {unknown}
 g - a scroll of enchant armour {unknown}
 h - a scroll of random uselessness {unknown}
 i - 3 scrolls of identify {unknown}
 k - a scroll of fog {unknown}
 l - a scroll of noise {unknown}
 q - a scroll of recharging {unknown}
Potions
 f - a potion of agility {unknown}
 j - a potion of flight {unknown}
 n - 2 potions of haste {unknown}
Books
 b - a book of Conjurations

   Spells                             Type                      Level
   a - Magic Dart                     Conjuration                  1
   b - Searing Ray                    Conjuration                  2
   c - Dazzling Spray                 Conjuration/Hexes            3
   d - Fulminant Prism                Conjuration/Hexes            4
   e - Iskenderun's Mystic Blast      Conjuration                  4
   f - Iskenderun's Battlesphere      Conjuration/Charms           5
Comestibles
 c - 3 bread rations
 o - a slice of pizza
 p - a beef jerky


   Skills:
 - Level 2.6 Dodging
 - Level 2.4 Stealth
 + Level 0.1 Unarmed Combat
 + Level 3.5 Spellcasting
 + Level 5.4 Conjurations


You had 3 spell levels left.
You knew the following spells:

 Your Spells              Type           Power        Failure   Level  Hunger
a - Magic Dart            Conj           ###.         1%          1    None
b - Searing Ray           Conj           ###...       2%          2    ##.....
c - Dazzling Spray        Conj/Hex       ##......     14%         3    ###....


Dungeon Overview and Level Annotations

Branches:
Dungeon (3/15)

Altars:
Okawaru


Message History

Confirm with . or Enter, or press ? or * to list all spells.
Aiming: Searing Ray
Press: ? - help, Shift-Dir - straight line, f - orc wizard, p - orc
Aim: an orc wizard, wielding a dagger and wearing a robe (heavily wounded, fast)
The searing ray misses the orc wizard.
The searing ray hits the orc.
The orc is severely wounded.
You are feeling hungry.
The orc closely misses you. The orc wizard hits you with a dagger.
Casting: Searing Ray
Confirm with . or Enter, or press ? or * to list all spells.
You don't have enough magic to cast that spell.
An orc comes into view. It is wielding a whip.
The orc moves out of view.
The orc wizard gestures at you while chanting.
The puff of frost hits you!
* * * LOW HITPOINT WARNING * * *
The orc hits you but does no damage.
An orc comes into view. It is wielding a club.
The orc hits you with a whip!
You die...

#. .........#
#...###......#
#............#
#........o##.#
#...#####.##.#
####...#####....#
..........oo....#
o###..o#o.##.#..#
.....†.@o....#..#
.####.......<...#
.......#####..#
####...........#
.............#
#......†....##
...##.#######
##.. #.#


You could see an orc wizard and 5 orcs.

Vanquished Creatures
  An adder (D:2)
  A giant gecko (D:2)
  9 hobgoblins
  A kobold (D:1)
  A quokka (D:2)
  4 bats
  3 giant cockroaches
  A giant newt (D:3)
  8 goblins
  3 rats
32 creatures vanquished.

Notes
Turn   | Place    | Note
--------------------------------------------------------------
     0 | D:1      | tp1 the Deep Elf Conjurer began the quest for the Orb.
     0 | D:1      | Reached XP level 1. HP: 10/10 MP: 6/6
   393 | D:1      | Reached XP level 2. HP: 15/15 MP: 4/8
   736 | D:2      | Found an iron altar of Okawaru.
   766 | D:2      | Reached skill level 5 in Conjurations
   825 | D:2      | Learned a level 2 spell: Searing Ray
  1270 | D:2      | Reached XP level 3. HP: 19/19 MP: 1/9
  1642 | D:3      | Learned a level 3 spell: Dazzling Spray
  1669 | D:3      | Slain by an orc

Vault maps used:
D:1:      shiori_arrival_maze, minmay_misc_feat_chi
D:2:      okawaru_gym_becter
D:3:      lemuel_doored_altar, minmay_crystal_room

Action                   || total
-------------------------++-------
Melee: Unarmed           ||    12
 Cast: Magic Dart        ||    63
       Searing Ray       ||     8
       Dazzling Spray    ||     1
  Eat: Chunk             ||     2
